 Dungeon Crawl Stone Soup version 0.22-a0-196-gee22f27 (webtiles) character file.

387 MatthieuS the Gusty (level 6, -1/35 HPs)
             Began as a Tengu Air Elementalist on Feb 17, 2018.
             Was an Initiate of Sif Muna.
             Slain by Partyfoot's ghost (9 damage)
             ... on level 4 of the Dungeon.
             The game lasted 00:14:14 (4750 turns).

MatthieuS the Gusty (Tengu Air Elementalist)        Turns: 4750, Time: 00:14:15

Health: -1/35      AC:  3    Str:  8    XL:     6   Next: 78%
Magic:  7/11       EV: 13    Int: 17    God:    Sif Muna [......]
Gold:   160        SH:  0    Dex: 15    Spells: 1/11 levels left

rFire    . . .     SeeInvis .   w - +0 hunting sling
rCold    . . .     Gourm    .   (no shield)
rNeg     . . .     Faith    .   s - +0 leather armour
rPois    .         Spirit   .   (helmet restricted)
rElec    .         Reflect  .   (no cloak)
rCorr    .         Harm     .   (no gloves)
MR       .....                  (boots unavailable)
Stlth    ++........             (no amulet)
HPRegen  0.11/turn              (no ring)
MPRegen  0.12/turn              (no ring)

@: no status effects
A: beak, talons 3, able to fly 1
a: Fly, Renounce Religion


You were on level 4 of the Dungeon.
You worshipped Sif Muna.
Sif Muna was noncommittal.
You were not hungry.

You visited 1 branch of the dungeon, and saw 4 of its levels.

You collected 160 gold pieces.

Inventory:

Hand Weapons
 a - a +1 dagger of venom
 g - a +0 dagger of draining
 w - a +0 hunting sling (weapon)
Missiles
 h - 3 tomahawks
 m - 59 stones (quivered)
Armour
 r - a +0 robe
 s - a +0 leather armour (worn)
Jewellery
 f - an uncursed ring of ice {unknown}
 k - an uncursed ring of fire
Wands
 o - a wand of random effects (13)
Scrolls
 e - 5 scrolls of identify {unknown}
Potions
 d - a potion of cancellation {unknown}
 i - a potion of haste
 j - a potion of ambrosia
 n - 2 potions of degeneration {unknown}
 p - 2 potions of curing {unknown}
Books
 b - a book of Air

   Spells                             Type                      Level
   a - Shock                          Conjuration/Air              1
   b - Swiftness                      Charms/Air                   2
   c - Static Discharge               Conjuration/Air              3
   d - Airstrike                      Air                          4
   e - Lightning Bolt                 Conjuration/Air              5
Comestibles
 c - 8 rations
 l - 4 chunks of flesh


   Skills:
 + Level 2.2 Fighting
 - Level 2.0 Armour
 + Level 3.5 Dodging
 + Level 3.4 Stealth
 + Level 3.0 Spellcasting
 + Level 3.3 Conjurations
 + Level 5.3 Air Magic


You had one spell level left.
You knew the following spells:

 Your Spells              Type           Power        Failure   Level  Hunger
a - Shock                 Conj/Air       ###.         4%          1    None
b - Swiftness             Chrm/Air       ##......     12%         2    ##.....
c - Static Discharge      Conj/Air       ###.....     12%         3    ###....
d - Airstrike             Air            ###.......   26%         4    ####...


Dungeon Overview and Level Annotations

Branches:
Dungeon (4/15)
 Temple: D:4-7

Altars:
Ashenzari
Dithmenos
Ru
Sif Muna
Trog
Uskayaw

Annotations:
D:3 Gower739's ghost, novice MiBe
D:4 Partyfoot's ghost, amateur FoEE


Innate Abilities, Weirdness & Mutations

You have a beak for a mouth.
You have claws for feet.
You can fly.


Message History

Casting: Shock (safe; 4% risk of failure)
Confirm with . or Enter, or press ? or * to list all spells.
Aiming: Shock (safe; 4% risk of failure)
Press: ? - help, Shift-Dir - straight line The zap hits Partyfoot's ghost.
Partyfoot's ghost is heavily damaged.
The zap hits Partyfoot's ghost.
Partyfoot's ghost is severely damaged.
Partyfoot's ghost hits you!
* * * LOW HITPOINT WARNING * * *
Casting: Shock (safe; 4% risk of failure)
Confirm with . or Enter, or press ? or * to list all spells.
Aiming: Shock (safe; 4% risk of failure)
Press: ? - help, Shift-Dir - straight line The zap hits Partyfoot's ghost.
Partyfoot's ghost appears unharmed.
Partyfoot's ghost is severely damaged.
The zap hits Partyfoot's ghost.
Partyfoot's ghost is severely damaged.
Partyfoot's ghost hits you!
You die...

#....# #. #.#
##.##.##.###.##.#
##).##.##........##
#...##.########...####
.....................+
#....#.########...####
##...#.# ##.## ##..#.#
#.# #.....# #@#
#.....# #W# #.....#
#.# #.....# #......#
#.....# #.###..#
####.## #. .... #.# #
.##.. #.# .. . #####.#
##


You could see Partyfoot's ghost.

Vanquished Creatures
  2 hounds (D:4)
  Natasha (thrice) (D:2)
  2 worker ants (D:4)
  Terence (D:2)
  Robin (D:2)
  4 adders
  3 oozes
  2 worms (D:2)
  2 dart slugs
  2 leopard geckos
  9 orcs
  3 giant cockroaches
  18 goblins
  12 hobgoblins
  7 jackals
  13 kobolds
  2 quokkas (D:2)
  2 ball pythons (D:2)
  4 bats
  5 frilled lizards
  9 rats
106 creatures vanquished.

Notes
Turn   | Place    | Note
-------+----------+-------------------------------------------
     0 | D:1      | MatthieuS the Tengu Air Elementalist began the quest for the Orb.
     0 | D:1      | Reached XP level 1. HP: 10/10 MP: 4/4
   353 | D:1      | Reached XP level 2. HP: 16/16 MP: 0/6
   359 | D:1      | Learned a level 2 spell: Swiftness
   902 | D:1      | Reached XP level 3. HP: 20/20 MP: 1/7
  1129 | D:1      | Reached skill level 1 in Armour
  1520 | D:2      | Learned a level 3 spell: Static Discharge
  1718 | D:2      | Found a bloodstained altar of Trog.
  1976 | D:2      | Reached XP level 4. HP: 24/24 MP: 3/8
  1982 | D:2      | Noticed Natasha
  2020 | D:2      | Killed Natasha
  2020 | D:2      | Reached skill level 1 in Fighting
  2104 | D:2      | Found a shattered altar of Ashenzari.
  2153 | D:2      | Noticed Terence
  2218 | D:2      | Found a deep blue altar of Sif Muna.
  2224 | D:2      | Became a worshipper of Sif Muna the Loreminder
  2259 | D:2      | Killed Terence
  2318 | D:2      | Gained mutation: You can fly. [Tengu growth]
  2318 | D:2      | Reached XP level 5. HP: 29/29 MP: 6/9
  2543 | D:2      | Noticed Robin
  2556 | D:2      | Killed Robin
  2740 | D:2      | Noticed Natasha
  2746 | D:2      | Killed Natasha
  3182 | D:2      | Noticed Natasha
  3191 | D:2      | Killed Natasha
  3191 | D:2      | Reached skill level 5 in Air Magic
  3306 | D:2      | Found a sacrificial altar of Ru.
  3306 | D:2      | Found a faded altar of an unknown god.
  3311 | D:2      | Found a faded altar of an unknown god.
  3313 | D:2      | Found a shadowy altar of Dithmenos.
  3314 | D:2      | Found a hide-covered altar of Uskayaw.
  3390 | D:3      | Reached XP level 6. HP: 32/35 MP: 1/11
  3877 | D:3      | Noticed Gower739's ghost (novice MiBe)
  4433 | D:4      | Learned a level 4 spell: Airstrike
  4731 | D:4      | Noticed Partyfoot's ghost (amateur FoEE)
  4750 | D:4      | Slain by Partyfoot's ghost

Vault maps used:
D:1:      minmay_arrival_checkered_box
D:2:      ashenzari_altar_1, chequers_temple_overflow_minitemple, led_sif_pool,
          lemuel_doored_altar, eino_tiny_chamber, hangedman_feature_mirror,
          kennysheep_nub, uniq_robin, uniq_terence, uniq_natasha
D:3:      first_ration
D:4:      okawaru_gym_becter, lightli_corner_chamber

Skill      XL: |  1  2  3  4  5  6 |
---------------+-------------------+-----
Conjurations   | 2 3 |  3.3
Armour         | 1 2 |  2.0
Fighting       | 1 2 |  2.2
Dodging        | 3 |  3.5
Stealth        | 3 |  3.4
Air Magic      | 5 |  5.3
Spellcasting   | 3 |  3.0

Action                   |  1- 3 |  4- 6 || total
-------------------------+-------+-------++-------
Melee: Unarmed           |    14 |       ||    14
       Kick              |     5 |     4 ||     9
       Peck              |     1 |     1 ||     2
       Dagger            |     1 |    10 ||    11
       Hunting sling     |       |     1 ||     1
 Fire: Hunting sling     |       |    62 ||    62
 Cast: Shock             |    76 |   132 ||   208
       Static Discharge  |       |     6 ||     6
       Swiftness         |       |     1 ||     1
  Use: Scroll            |       |     1 ||     1
       Potion            |       |     1 ||     1
 Stab: Sleeping          |       |     1 ||     1
  Eat: Chunk             |     4 |     8 ||    12
       Ration            |       |     1 ||     1
Armor: Robe              |    14 |       ||    14
       Leather armour    |       |     5 ||     5
Dodge: Dodged            |    22 |    42 ||    64

Table legend:
 A = Spawn XP
 B = Non-spawn XP
 C = Spawn XP percentage of total XP
 D = Spawn monster count
 E = Non-spawn monster count
 F = Spawn count percentage of total count
 G = Total turns spent on level
                    A         B        C        D         E        F      G
               +---------+---------+-------+---------+---------+-------+---------
         Total |       0 |     554 |   0.0 |       0 |     106 |   0.0 |  4750
               +---------+---------+-------+---------+---------+-------+---------
           D:1 |       0 |      46 |   0.0 |       0 |      23 |   0.0 |  1372
           D:2 |       0 |     264 |   0.0 |       0 |      47 |   0.0 |  1976
           D:3 |       0 |      86 |   0.0 |       0 |      31 |   0.0 |  1063
           D:4 |       0 |     158 |   0.0 |       0 |       5 |   0.0 |   339
               +---------+---------+-------+---------+---------+-------+---------
